 Dungeon Crawl Stone Soup version 0.28.0 (webtiles) character file.

Game seed: 7849943333784269683

552 hikkokomori the Covered (level 7, 0/58 HPs)
             Began as a Formicid Fighter on Feb 10, 2022.
             Killed from afar by Dowan (3 damage)
             ... with a shard of ice
             ... on level 4 of the Dungeon.
             The game lasted 00:05:17 (2356 turns).

hikkokomori the Covered (Formicid Fighter)          Turns: 2356, Time: 00:05:17

Health: 0/58       AC: 11    Str: 22    XL:     7   Next: 55%
Magic:  7/7        EV:  9    Int:  8    God:
Gold:   86         SH:  5    Dex: 10    Spells: 6/6 levels left

rFire   . . .      SeeInvis +   a - +0 quarterstaff
rCold   . . .      Faith    .   c - +0 buckler
rNeg    . . .      Spirit   .   b - +0 scale mail
rPois   .          Reflect  .   (helmet unavailable)
rElec   .          Harm     .   (no cloak)
rCorr   .          Rampage  .   (no gloves)
Will    .....                   (no boots)
Stlth   ..........              (no amulet)
HPRegen 0.19/turn               d - +4 ring of protection
MPRegen 0.10/turn               (no ring)

@: no status effects
A: permanent stasis, dig shafts and tunnels, antennae 3, four strong arms
a: Dig, Shaft Self


You were on level 4 of the Dungeon.
You visited 1 branch of the dungeon, and saw 4 of its levels.

You collected 86 gold pieces.

Inventory:

Hand Weapons
 a - a +0 quarterstaff (weapon)
Armour
 b - a +0 scale mail (worn)
 c - a +0 buckler (worn)
Jewellery
 d - a +4 ring of protection (left hand)
Wands
 l - a wand of iceblast (9)
Scrolls
 f - a scroll of noise {unknown}
 i - a scroll of immolation {unknown}
 j - a scroll of identify {unknown}
Potions
 e - a potion of curing
 g - a potion of brilliance {unknown}
 h - a potion of ambrosia {unknown}
 k - a potion of attraction {unknown}


   Skills:
 + Level 6.2 Fighting
 - Level 2.2 Staves
 + Level 6.2 Armour
 - Level 5.0 Shields


You had 6 spell levels left.
You didn't know any spells.
Your spell library contained the following spells:

 Spells                   Type           Power      Damage    Failure   Level
 Sandblast                Erth           0%         2d4       77%         1
 Passwall                 Tmut/Erth      0%         N/A       88%         2
 Stone Arrow              Conj/Erth      0%         3d7       98%         3


Dungeon Overview and Level Annotations

Branches:
Dungeon (4/15)
 Temple: D:4-7

Altars:
Sif Muna

Annotations:
D:4 Dowan


Innate Abilities, Weirdness & Mutations

You cannot be hasted, slowed, berserked, paralysed or teleported.
You can dig through walls and to a lower floor.
You have a pair of large antennae on your head. (SInv)
Your four strong arms can wield two-handed weapons with a shield.


Message History

* * * LOW HITPOINT WARNING * * *
Duvessa hits you but does no damage.
You closely miss Duvessa.
Duvessa is almost dead.
You block Duvessa's attack.
You closely miss Duvessa.
Duvessa is almost dead.
You are no longer glowing.
Duvessa barely misses you. Duvessa hits you with a +0 short sword.
* * * LOW HITPOINT WARNING * * *
Unknown command.
It was a potion of curing.
You feel better. Duvessa hits you but does no damage.
Duvessa says, "My weaknesses are his strengths!"
Duvessa hits you but does no damage.
You thump Duvessa!
You kill Duvessa!
Dowan's eyes darken. "You have made a black mistake."
Dowan seems to find hidden reserves of power!
Dowan hits you but does no damage.
Your Fighting skill increases to level 6!
Your Armour skill increases to level 6!
You closely miss Dowan. Dowan hits you but does no damage.
You are poisoned.
You block Dowan's attack.
You barely miss Dowan.
You feel very sick. Dowan hits you but does no damage.
You are lethally poisoned!
Dowan hits you but does no damage.
You feel better.
Dowan mumbles some strange words.
Dowan blinks!
Dowan casts a spell at you. The shard of ice hits you!
* * * LOW HITPOINT WARNING * * *
Items here: )) [ †.
Dowan points at you and mumbles some strange words.
The shard of ice hits you.
You die...

........#
........#
........#
........#
.......<#
.....e..#
........#
#######§#
#@# #.#
........#
##....###
#.... {{
#... {
#... {
#.. { #..


You could see Dowan (fast).

Vanquished Creatures
  Sigmund (D:2)
  Duvessa (D:4)
  A black bear (D:3)
  An ogre (D:3)
  A bullfrog zombie (D:3)
  Robin (D:3)
  2 adders (D:3)
  2 worms
  4 dart slugs
  An orc (D:4)
  4 bats
  3 endoplasms
  A giant cockroach (D:2)
  13 goblins
  8 hobgoblins
  5 kobolds
  2 quokkas
  A ball python (D:2)
  4 frilled lizards
56 creatures vanquished.

Notes
Turn   | Place    | Note
-------+----------+-------------------------------------------
     0 | D:1      | hikkokomori the Formicid Fighter began the quest for the
                  | Orb.
     0 | D:1      | Reached XP level 1. HP: 18/18 MP: 1/1
   307 | D:1      | Reached XP level 2. HP: 24/24 MP: 2/2
   636 | D:2      | Noticed Sigmund
   648 | D:2      | Killed Sigmund
   649 | D:2      | Reached skill level 5 in Shields
   649 | D:2      | Reached XP level 3. HP: 7/31 MP: 3/3
   649 | D:2      | Reached XP level 4. HP: 9/38 MP: 4/4
   649 | D:2      | Reached XP level 5. HP: 10/43 MP: 5/5
   986 | D:2      | Found a faded altar of an unknown god.
  1104 | D:2      | Found a shimmering blue altar of Sif Muna.
  1215 | D:2      | Reached XP level 6. HP: 45/49 MP: 6/6
  1423 | D:3      | Noticed Robin
  1465 | D:3      | Killed Robin
  1466 | D:3      | Reached skill level 5 in Fighting
  1466 | D:3      | Reached skill level 5 in Armour
  1676 | D:3      | Noticed an ogre
  1731 | D:3      | Noticed a black bear
  1745 | D:3      | Killed a black bear
  2023 | D:3      | Reached XP level 7. HP: 54/56 MP: 7/7
  2321 | D:4      | Noticed Duvessa
  2321 | D:4      | Noticed Dowan
  2351 | D:4      | Killed Duvessa
  2356 | D:4      | Killed from afar by Dowan

Illustrated notes

Levels and vault maps discovered:
D:1:      dpeg_arrival_simpleton_c, layout_rooms,
          nicolae_concentric_dashed_squares_wild
D:2:      layout_rooms, basic_altar, shapermc_ecumenical_altar_acropolis,
          ebering_dispersal_statue_hall, kennysheep_generic_room_12,
          uniq_sigmund
D:3:      layout_basic, uniq_robin
D:4:      kennysheep_the_goblin_king, layout_basic, serial_corexii_hall,
          chequers_hall_statues_y, chequers_hall_statues_corner_a, minmay_puff,
          uniq_ijyb, uniq_duvessa

Skill      XL: |  1  2  3  4  5  6  7 |
---------------+----------------------+-----
Fighting       | 4 5 6 |  6.2
Armour         | 4 5 6 |  6.2
Shields        | 5 |  5.0
Staves         | |  2.2

Action                   |  1- 3 |  4- 6 |  7- 9 || total
-------------------------+-------+-------+-------++-------
Melee: Quarterstaff      |    46 |   128 |    36 ||   210
 Abil: Dig               |       |     5 |       ||     5
  Use: Potion            |     1 |       |     2 ||     3
       Scroll            |       |     2 |       ||     2
Armor: Scale mail        |    10 |    71 |    12 ||    93
Dodge: Dodged            |    20 |    54 |     9 ||    83
Block: Buckler           |     9 |    41 |    10 ||    60
